 Dungeon Crawl Stone Soup version 0.31-a0-355-g57cb03d3e8 (webtiles) character file.

Game seed: 11645186974317685098

613687 knightboat the Hoplite (level 27, -12/156 HPs)
             Began as a Vine Stalker Fighter on July 24, 2023.
             Was the Champion of the Shining One.
             Killed from afar by a red draconian scorcher (23 damage)
             ... with damnation
             ... led by a white draconian stormcaller
             ... on level 2 of the Realm of Zot.
             The game lasted 03:11:05 (58058 turns).

knightboat the Hoplite (Vine Stalker Fighter)      Turns: 58058, Time: 03:11:05

Health: -12/156    AC: 31    Str: 39      XL:     27
Magic:  0/57       EV: 10    Int: 11      God:    the Shining One [******]
Gold:   7098       SH: 35    Dex:  9 (10) Spells: 36/36 levels left

rFire   + . .        L - +9 trishula (holy)
rCold   + + +        b - +12 tower shield "Cotih" {Rampage MP+9 Str-3}
rNeg    + + +        B - +0 gold dragon scales
rPois   +            Z - +2 helmet "Taeh" {rC+ Str+5}
rElec   +            Y - +1 cloak of Pandemonium {rCorr MP+9 Int-5 Dex+6}
rCorr   +            Q - +1 pair of gloves {Str+3}
SInv    +            V - +1 pair of boots {Fly}
Will    +++..        S - amulet of Qism {RegenMP rElec Dex-3 Slay+4 Stlth-} Stlth
                     R - ring of protection from fire
HPRegen 1.26/turn    r - ring of Creativity {rC++ Str+4 Int+8 Dex-4 SInv}
MPRegen 0.75/turn

%: clarity, guardian spirit, rampage
@: flying, glowing, studying 2 skills, unable to read
A: fangs 3, regeneration 1, magic shield, antimagic bite, no potion heal 2,
clarity, clumsy 2, weak 1, wild magic 1, heat vulnerability 1, inability to read
after injury 1
}: 3/15 runes: decaying, slimy, gossamer
a: Renounce Religion, Divine Shield, Cleansing Flame, Summon Divine Warrior


You were on level 2 of the Realm of Zot.
You worshipped the Shining One.
The Shining One was exalted by your worship.
You visited 12 branches of the dungeon, and saw 52 of its levels.
You visited the Abyss 1 time.
You visited 3 bazaars.
You also visited: Bailey, Gauntlet and Volcano.

You collected 10837 gold pieces.
You spent 3739 gold pieces at shops.

Inventory:

Hand Weapons
 L - a +9 trishula of holy wrath (weapon)
Missiles
 n - 5 silver javelins
 U - 7 curare-tipped darts
Armour
 b - the +12 tower shield "Cotih" (worn) {Rampage MP+9 Str-3}
   (You acquired it on level 1 of the Realm of Zot)

   Str:       It affects your strength (-3).
   MP:        It affects your magic capacity (+9).
   Rampage:   It bestows one free step when moving towards enemies.
 B - +0 gold dragon scales (worn)
 Q - a +1 pair of gloves of strength (worn)
 V - a +1 pair of boots of flying (worn)
 W - the +4 dragonskin cloak
   (You took it off Tiamat on level 1 of the Realm of Zot)

   Avatar's Aegis: It grants the wearer a chance to resist fire, cold, poison,
   electricity, acid, and negative energy.
 Y - the +1 cloak of Pandemonium (worn) {rCorr MP+9 Int-5 Dex+6}
   (You acquired it on level 5 of the Pits of Slime)

   Int:       It affects your intelligence (-5).
   Dex:       It affects your dexterity (+6).
   MP:        It affects your magic capacity (+9).
   rCorr:     It protects you from acid and corrosion.
 Z - the +2 helmet "Taeh" (worn) {rC+ Str+5}
   (You found it on level 2 of the Crypt)

   Str:       It affects your strength (+5).
   rC:        It protects you from cold.
Jewellery
 g - the ring of the Tortoise {AC+8}
   (You found it on level 1 of the Depths)

   [ring of protection]

   AC:        It affects your AC (+8).
 k - the amulet "Vammub" {Reflect Drain Regen+ Int+3 SH+5}
   (You took it off a vampire knight on level 2 of the Depths)

   [amulet of reflection]

   It reflects blocked missile attacks.
   Int:       It affects your intelligence (+3).
   Regen:     It increases your rate of health regeneration.
   Drain:     It drains your maximum health when unequipped.
   SH:        It affects your SH (+5).
 r - the ring of Creativity (right hand) {rC++ Str+4 Int+8 Dex-4 SInv}
   (You took it off a fire giant on level 2 of the Depths)

   [ring of see invisible]

   Str:       It affects your strength (+4).
   Int:       It affects your intelligence (+8).
   Dex:       It affects your dexterity (-4).
   rC:        It greatly protects you from cold.
   SInv:      It lets you see invisible.
 R - a ring of protection from fire (left hand)
 S - the amulet of Qism (around neck) {RegenMP rElec Dex-3 Slay+4 Stlth-}
   (You found it on level 5 of the Pits of Slime)

   [amulet of magic regeneration]

   It increases your rate of magic regeneration.
   Dex:       It affects your dexterity (-3).
   Slay:      It affects your accuracy & damage with ranged weapons and melee
   (+4).
   rElec:     It insulates you from electricity.
   Stlth:     It makes you less stealthy.
Wands
 l - a wand of digging (8)
 w - a wand of flame (113)
 G - a wand of mindburst (50)
 K - a wand of charming (77)
 M - a wand of polymorph (43)
 O - a wand of light (24)
 T - a wand of iceblast (34)
Scrolls
 c - 11 scrolls of teleportation
 i - 4 scrolls of revelation
 t - 3 scrolls of blinking
 u - 9 scrolls of immolation
 v - 6 scrolls of fog
 A - 12 scrolls of poison
 F - a scroll of butterflies
 H - 3 scrolls of silence
 I - 5 scrolls of fear
 P - 9 scrolls of vulnerability
 X - a scroll of brand weapon
Potions
 d - 8 potions of might
 e - 8 potions of lignification
 f - 8 potions of cancellation
 h - 10 potions of curing
 j - 2 potions of resistance
 m - 4 potions of ambrosia
 o - 3 potions of magic
 D - 2 potions of berserk rage
 E - 10 potions of attraction
 N - 9 potions of haste
Miscellaneous
 p - a phantom mirror
 q - a lightning rod (4/4)
 x - a tin of tremorstones (2/2)
 J - a phial of floods


   Skills:
 - Level 20.2 Fighting
 - Level 4.7 Maces & Flails
 - Level 14.0 Polearms
 - Level 14.9 Armour
 - Level 10.8 Dodging
 + Level 25.8 Shields
 - Level 5.0 Spellcasting
 + Level 23.5 Invocations
 - Level 9.2 Evocations


You had 36 spell levels left.
You didn't know any spells.
Your spell library contained the following spells:

 Spells                   Type           Power      Damage    Failure   Level
 Foxfire                  Conj/Fire      12%        2x1d4     93%         1
 Magic Dart               Conj           12%        1d3       93%         1
 Sandblast                Erth           6%         2d5       93%         1
 Shock                    Conj/Air       12%        1d3       93%         1
 Slow                     Hex            12%        N/A       93%         1
 Summon Small Mammal      Summ           12%        N/A       93%         1
 Blink                    Tloc           6%         N/A       98%         2
 Lesser Beckoning         Tloc           6%         N/A       98%         2
 Momentum Strike          Conj/Tloc      6%         3d8       98%         2
 Searing Ray              Conj           6%         2d4       98%         2
 Static Discharge         Conj/Air       6%         2-3/arc   98%         2
 Sublimation of Blood     Necr           3%         N/A       98%         2
 Wereblood                Tmut           3%         N/A       98%         2
 Call Canine Familiar     Summ           3%         N/A       100%        3
 Confusing Touch          Hex            3%         N/A       100%        3
 Dazzling Flash           Conj/Hex       6%         N/A       100%        3
 Frozen Ramparts          Ice            6%         1d1       100%        3
 Gell's Gravitas          Tloc           3%         N/A       100%        3
 Hailstorm                Conj/Ice       3%         3d3       100%        3
 Inner Flame              Hex/Fire       3%         N/A       100%        3
 Ozocubu's Armour         Ice            3%         N/A       100%        3
 Portal Projectile        Hex/Tloc       6%         N/A       100%        3
 Summon Guardian Golem    Hex/Summ       3%         N/A       100%        3
 Swiftness                Air            3%         N/A       100%        3
 Teleport Other           Tloc           3%         N/A       100%        3
 Tukima's Dance           Hex            3%         N/A       100%        3
 Vampiric Draining        Necr           3%         2d6       100%        3
 Volatile Blastmotes      Fire/Tloc      6%         2d10      100%        3
 Airstrike                Air            1%         2d(1-17)  100%        4
 Anguish                  Hex/Necr       1%         N/A       100%        4
 Animate Armour           Summ/Erth      6%         N/A       100%        4
 Cause Fear               Hex            1%         N/A       100%        4
 Flame Wave               Conj/Fire      3%         2d5       100%        4
 Fulminant Prism          Conj/Hex       1%         3d5       100%        4
 Iskenderun's Mystic Bla  Conj/Tloc      3%         2d3       100%        4
 Leda's Liquefaction      Hex/Erth       1%         N/A       100%        4
 Manifold Assault         Tloc           3%         N/A       100%        4
 Sticky Flame             Conj/Fire      3%         2d3       100%        4
 Summon Ice Beast         Ice/Summ       3%         N/A       100%        4
 Summon Lightning Spire   Summ/Air       3%         N/A       100%        4
 Fireball                 Conj/Fire      1%         3d3       100%        5
 Irradiate                Conj/Tmut      1%         3d12      100%        5
 Iskenderun's Battlesphe  Conj           3%         2d6       100%        5
 Lee's Rapid Deconstruct  Erth           1%         3d4*      100%        5
 Metabolic Englaciation   Hex/Ice        1%         N/A       100%        5
 Summon Forest            Summ/Tloc      1%         N/A       100%        5
 Summon Mana Viper        Hex/Summ       3%         N/A       100%        5
 Yara's Violent Unravell  Hex/Tmut       1%         3d3       100%        5
 Conjure Ball Lightning   Conj/Air       1%         3x3d6     100%        6
 Dispersal                Tloc           1%         N/A       100%        6
 Eringya's Noxious Bog    Tmut/Pois      1%         4d6       100%        6
 Leda's Unmaking          Conj/Erth      1%         9d1       100%        6
 Plasma Beam              Fire/Air       1%         2x1d11    100%        6
 Simulacrum               Ice/Necr       1%         N/A       100%        6
 Starburst                Conj/Fire      1%         6d3       100%        6
 Enfeeble                 Hex            1%         N/A       100%        7
 Monstrous Menagerie      Summ           1%         N/A       100%        7
 Orb of Destruction       Conj           1%         9d5       100%        7
 Spellforged Servitor     Conj/Summ      1%         N/A       100%        7
 Summon Hydra             Summ           1%         N/A       100%        7
 Discord                  Hex            1%         N/A       100%        8
 Disjunction              Tloc           1%         N/A       100%        8
 Maxwell's Capacitive Co  Air            1%         ∞         100%        8
 Chain Lightning          Conj/Air       1%         3d2       100%        9
 Dragon's Call            Summ           1%         N/A       100%        9
 Fire Storm               Conj/Fire      1%         8d1       100%        9
 Shatter                  Erth           1%         3d6*      100%        9


Dungeon Overview and Level Annotations

Branches:
Dungeon (15/15)            Temple (1/1) D:6            Lair (5/5) D:10
  Swamp (4/4) Lair:3       Spider (4/4) Lair:2        Slime (5/5) Lair:5
    Orc (2/2) D:11            Elf (3/3) Orc:2        Vaults (4/5) D:13
  Crypt (3/3) Vaults:3       Tomb (0/3) Crypt:3      Depths (4/4) D:15
    Zot (2/5) Depths:4     Bailey (visited)         Volcano (visited)
Gauntlet (visited)

Altars:
Ashenzari
Cheibriados
Dithmenos
Elyvilon
Fedhas
Gozag
Hepliaklqana
Kikubaaqudgha
Makhleb
Nemelex Xobeh
Okawaru
Qazlal
Ru
Sif Muna
Trog
Uskayaw
Vehumet
Wu Jian
Xom
Yredelemnul
Zin
The Shining One

Shops:
D:5 (   D:11 ::   Orc:1 *   Orc:2 :*[(   Elf:2 **   Elf:3 ([==   Vaults:1 *[*?
Depths:3 (!:=

Portals:
Hell: Depths:1 Depths:2 Depths:3 Depths:4
Abyss: Depths:3 Depths:4
Pandemonium: Depths:2
Ziggurat: Depths:2
Trove: D:13 (give +7 demon blade)

Annotations:
D:5 3 runed translucent doors, GiantSquids's ghost, novice OpSh; garrulousMonolith's ghost, amateur OpFi
D:14 3 runed translucent doors, Ynonecli's ghost, journeyman NaHu
Swamp:3 1 runed translucent door, kairosrom117's ghost, adept DrFE
Depths:2 3 runed translucent doors
Zot:1 1 transporter


Innate Abilities, Weirdness & Mutations

You have razor-sharp teeth.
Your natural rate of healing is unusually fast.
When hurt, damage is shared between your health and your magic reserves.
Your bite disrupts and absorbs the magic of your enemies.
Potions cannot restore your health.
You possess an exceptional clarity of mind.
You are very clumsy. (Dex -4)
You are weak. (Str -2)
Your spells are a little harder to cast, but a little more powerful.
You are vulnerable to heat. (rF-)
You occasionally lose the ability to read scrolls when taking damage.


Message History

Activating: Cleansing Flame (0% risk of failure)
Press: ? - help, Dir - look around, f - activate The golden flame engulfs you but does no damage.
You resist. The golden flame engulfs your angel.
Your angel completely resists.
The golden flame engulfs the red draconian scorcher!!
The red draconian scorcher is heavily wounded.
The golden flame engulfs the tentacled monstrosity!!!!
The tentacled monstrosity writhes in agony!
The tentacled monstrosity is heavily wounded.
The golden flame engulfs the red draconian.
The red draconian is lightly wounded.
The red draconian scorcher casts a spell at you.
The fireball explodes!
The fireball engulfs you!! You resist.
* * * LOW HITPOINT WARNING * * *
The fireball engulfs your angel!!
The fireball engulfs the red draconian scorcher!
The red draconian scorcher resists.
You don't have enough magic at the moment.
Unknown command.
Unknown command.
Unknown command.
You swap places.
Your angel hits the red draconian scorcher with a +2 sacred scourge of holy wrath! x2
The red draconian scorcher gestures at your angel while chanting.
The bolt of magma misses your angel. The bolt of magma hits you!!
You partially resist.
* * * LOW HITPOINT WARNING * * *
Your angel hits the red draconian scorcher with a +2 sacred scourge of holy wrath!!
The red draconian scorcher dies!
The Shining One accepts your kill.
You cannot read scrolls in your current state!
Unknown command.
Unknown command.
The tentacled monstrosity closely misses your angel.
The tentacled monstrosity tentacle-slaps your angel. x2
The tentacled monstrosity misses your angel.
The red draconian scorcher casts a spell at you.
The sphere of damnation explodes!
The damnation engulfs you!!
You die...

############################
................@..AXddk....
#####################qd.....
.k..... d...... # ..[.... ..
....... .. ...Xd.. ## .
####... ..


You could see a tentacled monstrosity (ally target), a yellow draconian, a
purple draconian, a red draconian, a red draconian scorcher, a rime drake
(summoned) and a friendly angel (summoned).

Vanquished Creatures
  the Royal Jelly (Slime:5)
  Tiamat (Zot:1)
  An orb of fire (Zot:2)
  Mara (Elf:3)
  Mennas (Vaults:2)
  Sojobo (Crypt:1)
  The ghost of Uroast the Impregnable, a veteran MiGl of Hepliaklqana (Crypt:2)
  A shard shrike (Zot:2)
  5 golden dragons
  A bone dragon (Abyss:2)
  12 tentacled monstrosities
  Rupert (Lair:3)
  5 liches
  19 acid blobs
  4 quicksilver dragons
  2 deep elf master archers (Elf:3)
  A titan (Vaults:1)
  The ghost of Woitib the Devastator, an adept GrFE of Vehumet (Vaults:2)
  2 deep elf blademasters (Elf:3)
  Frances (D:13)
  3 ancient champions
  Gastronok (Lair:1)
  5 sphinxes
  2 death cobs (Zot:2)
  Kirke (D:14)
  3 thorn hunters
  3 shadow dragons
  5 tengu reavers
  7 storm dragons
  A fenstrider witch (Swamp:3)
  8 draconian monks
  16 azure jellies
  2 draconian knights (Zot:1)
  2 revenants (Crypt:3)
  4 frost giants
  6 fire giants
  8 rockslimes
  11 vault wardens
  2 iron dragons
  3 deep elf sorcerers (Elf:3)
  6 draconian scorchers
  4 emperor scorpions
  6 ghouls
  The ghost of howech the Fighter, a journeyman MiBe of Trog (Lair:5)
  6 draconian stormcallers
  10 ghost moths
  5 draconian annihilators
  4 orc warlords
  A curse skull (Crypt:3)
  3 deep elf elementalists
  11 ironbound preservers
  A reaper (Crypt:3)
  2 war gargoyles
  6 formless jellyfish
  The ghost of Iniera the Cruncher, a journeyman DsBr of Uskayaw (Orc:2)
  A caustic shrike skeleton (Crypt:2)
  A spriggan defender (Depths:2)
  7 ironbound thunderhulks
  10 stone giants
  2 broodmothers
  6 quicksilver oozes
  14 very ugly things
  12 green draconians
  2 juggernaut skeletons (Crypt:2)
  9 black draconians
  8 vampire knights
  2 deep elf demonologists (Elf:3)
  A rockslime zombie (Crypt:3)
  3 yellow draconians
  8 eleionomae
  16 red draconians
  7 spark wasps
  7 purple draconians
  5 bunyips
  15 white draconians
  A deep elf annihilator (Elf:3)
  6 deep elf death magi
  12 dire elephants
  A green death (Depths:2)
  A minotaur (Gauntlet)
  12 eidola
  2 ettins (Depths:4)
  2 shambling mangroves (Swamp:3)
  A spectral fenstrider witch (Crypt:3)
  3 fire dragons
  3 deep elf high priests
  Josephine (Lair:4)
  2 entropy weavers
  2 yaktaur captains (Vaults:1)
  Fannar (Lair:3)
  A spectral spriggan (Crypt:3)
  8 jiangshi
  9 great orbs of eyes
  8 ice dragons
  8 vault guards
  3 rakshasas
  27 hydras
  2 peacekeepers (Vaults:4)
  2 ghost crabs (Swamp:2)
  A jorogumo (Spider:3)
  3 spriggan air magi
  A spriggan skeleton (Crypt:2)
  11 centaur warriors
  6 death knights
  2 catoblepae
  9 two-headed ogres
  An ogre mage (D:13)
  2 ironbound frosthearts (Vaults:4)
  11 alligators
  15 boulder beetles
  A hell hog (Gauntlet)
  8 deep troll shamans
  A deep troll earth mage (Depths:4)
  9 tengu warriors
  3 orc high priests
  3 spriggan berserkers
  9 death yaks (Lair:5)
  9 demonic crawlers
  29 dancing weapons
  A spectral naga (Crypt:3)
  2 thrashing horrors (Abyss:2)
  10 vampire magi
  A titan zombie (Crypt:2)
  12 spriggans
  Nergalle (Lair:3)
  3 wretched stars (Abyss:2)
  3 soul eaters
  5 hell knights (Depths:2)
  2 skysharks (Lair:5)
  20 deep elf knights
  3 large abominations (Abyss:2)
  A sixfirhy (Depths:2)
  A skyshark (shapeshifter) (Depths:3)
  4 pharaoh ants
  3 sun moths
  Amaemon (Lair:3)
  9 goliath frogs
  31 skeletal warriors
  A titan skeleton (Crypt:2)
  A spark wasp zombie (Crypt:1)
  11 iron trolls
  2 salamander mystics
  6 glowing orange brains
  13 shadow wraiths
  6 flayed ghosts
  4 spriggan druids
  A bunyip zombie (Abyss:2)
  4 death drakes
  10 swamp dragons
  12 ironbound convokers
  16 wizards
  7 lindwurms
  7 orb spiders
  5 bog bodies
  A harpy (shapeshifter) (Depths:3)
  44 deep trolls
  Pikel (D:8)
  8 steelbarb worms
  31 deep elf archers
  A broodmother zombie (Crypt:3)
  31 phantasmal warriors
  A wolf spider (shapeshifter) (Depths:1)
  44 deep elf zephyrmancers
  8 necromancers
  10 orc knights
  35 deep elf pyromancers
  7 shining eyes
  5 cyclopes
  25 wolf spiders
  A manticore (shapeshifter) (Depths:3)
  13 moths of wrath
  6 salamanders
  57 ugly things
  7 orc sorcerers
  A salamander (shapeshifter) (D:15)
  A spectral centaur (Crypt:3)
  4 will-o-the-wisps
  6 black mambas
  5 manticores
  A worldbinder (Abyss:2)
  3 gargoyles
  A rust devil (Abyss:2)
  A naga zombie (Crypt:2)
  Maurice (D:8)
  14 vault sentinels
  An ice statue (Lair:5)
  4 elephants (Lair:5)
  4 torpor snails
  A centaur skeleton (Crypt:1)
  3 eyes of devastation (Slime:5)
  2 molten gargoyles (Gauntlet)
  14 cane toads
  3 smoke demons
  5 rime drakes
  A hellion (Abyss:2)
  4 unseen horrors
  An orange demon (Lair:3)
  Psyche (D:8)
  A kobold demonologist (D:12)
  15 freezing wraiths
  27 yaktaurs
  An anaconda simulacrum (Crypt:2)
  A bunyip simulacrum (Crypt:2)
  4 komodo dragons
  An ice devil (Depths:2)
  A tengu conjurer (Depths:1)
  5 guardian mummies (Crypt:3)
  An ancient zyme (Abyss:2)
  A hydra zombie (Abyss:2)
  3 red devils (Depths:2)
  2 bloated husks
  9 trolls
  Grinder (D:5)
  2 polar bears (Lair:5)
  A hellwing (Depths:2)
  23 tarantellas
  18 hornets
  11 tyrant leeches
  A sea snake skeleton (Crypt:1)
  A blink frog (shapeshifter) (D:13)
  2 culicivora zombies
  2 hydra skeletons
  A raiju (Abyss:2)
  17 blink frogs
  An ettin zombie (Crypt:2)
  An ettin skeleton (Crypt:2)
  12 flying skulls
  25 jumping spiders
  A stone giant simulacrum (Vaults:1)
  2 centaur simulacra
  3 air elementals
  22 culicivoras
  A ynoxinul (Depths:2)
  35 yaks
  131 slime creatures
  7 water elementals
  7 shadows (Crypt:3)
  A vampire (D:12)
  2 hogs (D:14)
  An alligator skeleton (Crypt:2)
  25 wraiths
  2 fire bats (Gauntlet)
  A golden eye (shapeshifter) (D:14)
  6 wyverns
  A black mamba skeleton (Crypt:1)
  8 golden eyes
  A chaos spawn (Depths:2)
  4 fire elementals
  51 redbacks
  Grum (D:9)
  4 basilisks
  21 vampire mosquitoes
  A harpy simulacrum (D:15)
  5 wargs
  2 acid dragons
  A glowing shapeshifter zombie (Depths:1)
  16 swamp worms
  4 hell hounds
  A floating eye (shapeshifter) (Depths:4)
  2 hydra simulacra (Zot:2)
  A water nymph skeleton (Crypt:1)
  A demonspawn skeleton (Crypt:1)
  10 water moccasins
  6 swamp drakes
  60 orc warriors
  7 ice beasts (Lair:5)
  5 black bears
  A lindwurm zombie (Crypt:3)
  A boggart (Elf:3)
  2 spriggan simulacra
  A sky beast (D:8)
  An ettin simulacrum (Crypt:2)
  5 ogres
  A manticore zombie (Crypt:1)
  26 wolves
  14 centaurs
  A phantom (D:5)
  3 kobold brigands
  24 bullfrogs
  A draconian skeleton (Crypt:3)
  9 necrophages
  4 scorpions
  2 earth elementals
  6 wights
  A troll zombie (Crypt:3)
  A water moccasin skeleton (Crypt:2)
  A swamp dragon simulacrum (Crypt:2)
  26 killer bees
  4 electric eels
  9 howler monkeys
  5 jellies
  A hound (D:5)
  8 starcursed masses (Abyss:2)
  A gnoll bouda (D:5)
  2 iron imps (Abyss:2)
  33 orc priests
  4 iguanas
  A human skeleton (Crypt:2)
  24 orc wizards
  4 sleepcaps
  4 hell rats (Lair:5)
  7 mummies (Crypt:3)
  A howler monkey zombie (Crypt:1)
  9 gnolls
  8 adders
  A river rat (shapeshifter) (Depths:2)
  5 white imps
  3 ufetubi
  A lava snake skeleton (Crypt:3)
  3 worms
  3 dart slugs
  91 orcs
  10 ball pythons
  3 bats (D:1)
  6 endoplasms
  7 giant cockroaches
  6 goblins
  9 hobgoblins
  10 quokkas
  An endoplasm zombie (Crypt:2)
  2 frilled lizards
  A gnoll skeleton (Crypt:3)
  28 kobolds
  5 rats
  A rat skeleton (Crypt:2)
2350 creatures vanquished.

Vanquished Creatures (collateral kills)
  Saint Roka (Elf:2)
  A golden dragon (Depths:2)
  A tentacled monstrosity (Depths:4)
  2 acid blobs (Slime:5)
  An ancient champion (Crypt:2)
  A storm dragon (shapeshifter) (Depths:2)
  A tengu reaver (Depths:2)
  A frost giant (Depths:2)
  2 rockslimes (Slime:5)
  A revenant (Crypt:2)
  2 deep elf sorcerers (Elf:3)
  A vault warden (Vaults:1)
  A draconian scorcher (Zot:2)
  2 deep elf elementalists (Elf:3)
  A stone giant (Depths:2)
  A vampire knight (Depths:2)
  3 deep elf demonologists (Elf:3)
  2 deep elf death magi (Elf:3)
  A rakshasa (Depths:1)
  2 hydras (Swamp:4)
  A dancing weapon (Elf:2)
  2 orc high priests (Orc:2)
  A deep elf knight (Elf:3)
  A spriggan berserker (Depths:1)
  A hell knight (Depths:2)
  2 swamp dragons (Swamp:4)
  4 deep elf pyromancers
  A sphinx zombie (Depths:1)
  An orc knight (Orc:2)
  2 deep elf zephyrmancers (Elf:3)
  A salamander (Volcano)
  An ugly thing (Depths:2)
  4 elephants (Lair:5)
  A frost giant skeleton (Depths:1)
  4 cane toads (Lair:5)
  An eye of devastation (Slime:5)
  2 yaktaurs (Vaults:1)
  A blink frog (Lair:5)
  5 yaks (Lair:5)
  A swamp worm (Swamp:4)
  A warg (Elf:2)
  2 swamp drakes (Swamp:4)
  2 orc warriors
  3 orc priests
  2 orc wizards (Orc:2)
  3 orcs (Orc:2)
78 creatures vanquished.

Vanquished Creatures (others)
  A deep elf death mage (Elf:3)
  A sun moth (Spider:3)
  A deep elf pyromancer (Elf:3)
  A deep elf zephyrmancer (Elf:2)
  2 bloated husks (Swamp:3)
  A tarantella (Spider:1)
  A spriggan (Swamp:4)
  2 humans (D:14)
  15 foxfires
25 creatures vanquished.

Grand Total: 2453 creatures vanquished

Notes
Turn   | Place    | Note
-------+----------+-------------------------------------------
     0 | D:1      | knightboat the Vine Stalker Fighter began the quest for the
                  | Orb.
     0 | D:1      | Reached XP level 1. HP: 11/11 MP: 2/2
    77 | D:1      | Reached XP level 2. HP: 13/16 MP: 1/3
   314 | D:1      | Reached XP level 3. HP: 19/19 MP: 4/4
   715 | D:2      | Gained mutation: Your natural rate of healing is unusually
                  | fast. [Vine Stalker growth]
   715 | D:2      | Reached XP level 4. HP: 5/23 MP: 0/5
  1615 | D:3      | Reached XP level 5. HP: 27/27 MP: 6/6
  2254 | D:4      | Reached XP level 6. HP: 26/33 MP: 7/7
  2766 | D:4      | Found a hide-covered altar of Uskayaw.
  2835 | D:4      | Found a shimmering altar of Xom.
  2953 | D:4      | Noticed a black bear
  2958 | D:4      | Killed a black bear
  2959 | D:4      | Reached skill level 5 in Fighting
  2959 | D:4      | Reached XP level 7. HP: 39/39 MP: 5/8
  3470 | D:5      | Entered Level 5 of the Dungeon
  3504 | D:5      | Reached skill level 1 in Polearms
  3542 | D:5      | Noticed Grinder
  3559 | D:5      | Killed Grinder
  3560 | D:5      | Gained mutation: You have razor-sharp teeth. [Vine Stalker
                  | growth]
  3560 | D:5      | Reached XP level 8. HP: 43/45 MP: 5/9
  3592 | D:5      | Found a snail-covered altar of Cheibriados.
  3622 | D:5      | Found Hudiuloiti's Antique Weapon Shoppe.
  3795 | D:5      | Found a runed translucent gate.
  3802 | D:5      | Found a runed translucent gate.
  3804 | D:5      | Found a runed translucent gate.
  3809 | D:5      | Noticed GiantSquids's ghost (novice OpSh)
  3809 | D:5      | Noticed garrulousMonolith's ghost (amateur OpFi)
  4526 | D:5      | Reached skill level 5 in Polearms
  4692 | D:6      | Reached XP level 9. HP: 45/52 MP: 6/10
  4739 | D:6      | Found a staircase to the Ecumenical Temple.
  4756 | Temple   | Entered the Ecumenical Temple
  4780 | Temple   | Became a worshipper of the Shining One
  5206 | D:7      | Found a burning altar of Makhleb.
  5206 | D:7      | Found a radiant altar of Vehumet.
  5206 | D:7      | Found a basalt altar of Yredelemnul.
  5216 | D:7      | Found a glowing silver altar of Zin.
  5219 | D:7      | Found an iron altar of Okawaru.
  6240 | D:8      | Reached skill level 10 in Fighting
  6409 | D:8      | Noticed a troll
  6418 | D:8      | Killed a troll
  6478 | D:8      | Noticed Maurice
  6486 | D:8      | Killed Maurice
  6487 | D:8      | Reached XP level 10. HP: 54/60 MP: 9/11
  6640 | D:8      | Noticed Psyche
  6646 | D:8      | Killed Psyche
  6822 | D:8      | Noticed Pikel
  6840 | D:8      | Killed Pikel
  7124 | D:9      | Reached * piety under the Shining One
  7233 | D:9      | Found a runed translucent door.
  7259 | D:9      | Noticed a two-headed ogre
  7270 | D:9      | Killed a two-headed ogre
  7491 | D:9      | Noticed Grum
  7511 | D:9      | Reached XP level 11. HP: 31/68 MP: 8/12
  7517 | D:9      | Killed Grum
  7874 | D:9      | Got the Catalogue of Feathers and the Deep Freeze
  7964 | D:10     | Entered Level 10 of the Dungeon
  8015 | D:10     | Reached skill level 1 in Invocations
  8034 | D:10     | Found a staircase to the Lair.
  8082 | D:10     | Noticed a two-headed ogre
  8088 | D:10     | Killed a two-headed ogre
  8109 | D:10     | Found a flagged portal.
  8118 | Bailey   | Entered a bailey
  8536 | D:10     | Reached ** piety under the Shining One
  8539 | D:10     | Reached skill level 5 in Invocations
  9149 | D:10     | Identified a scroll of acquirement
  9149 | D:10     | Acquired a manual of Polearms
  9194 | D:11     | Reached skill level 10 in Polearms
  9370 | D:11     | Noticed a boulder beetle
  9405 | D:11     | Killed a boulder beetle
  9505 | D:11     | Found Yfessaro's Book Shoppe.
  9640 | D:11     | Found a staircase to the Orcish Mines.
  9670 | D:11     | Found Derulem's Book Shop.
  9743 | D:12     | Noticed a two-headed ogre
  9753 | D:12     | Killed a two-headed ogre
  9754 | D:12     | Reached XP level 12. HP: 50/74 MP: 13/17
 10484 | D:12     | Noticed a boulder beetle
 10503 | D:12     | Killed a boulder beetle
 10551 | D:12     | Noticed a centaur warrior
 10551 | D:12     | Noticed a boulder beetle
 10560 | D:12     | Killed a centaur warrior
 10561 | D:12     | Reached skill level 3 in Shields
 10572 | D:12     | Noticed a boulder beetle
 10779 | D:12     | Reached skill level 4 in Shields
 10831 | D:12     | Killed a boulder beetle
 11088 | D:12     | Reached *** piety under the Shining One
 11122 | D:13     | Noticed a boulder beetle
 11136 | D:13     | Killed a boulder beetle
 11167 | D:13     | Reached skill level 5 in Shields
 11345 | Lair:1   | Entered Level 1 of the Lair of Beasts
 11388 | Lair:1   | Reached XP level 13. HP: 79/79 MP: 20/20
 11390 | Lair:1   | Reached skill level 5 in Armour
 11741 | Lair:1   | Reached skill level 6 in Shields
 11823 | Lair:1   | Noticed Gastronok
 11835 | Lair:1   | Killed Gastronok
 12319 | Lair:2   | Found a hole to the Spider Nest.
 12733 | Lair:2   | Found a dark tunnel.
 12758 | Volcano  | Entered a volcano
 12782 | Volcano  | Noticed a red draconian
 12823 | Volcano  | Killed a red draconian
 12824 | Volcano  | Reached skill level 7 in Shields
 13496 | Lair:2   | Reached skill level 8 in Shields
 13864 | Lair:3   | Found a staircase to the Swamp.
 13931 | Lair:3   | Noticed Amaemon
 13931 | Lair:3   | Reached **** piety under the Shining One
 13942 | Lair:3   | Killed Amaemon
 14046 | Lair:3   | Noticed Fannar
 14058 | Lair:3   | Killed Fannar
 14068 | Lair:3   | Noticed Rupert
 14092 | Lair:3   | Killed Rupert
 14150 | Lair:3   | Noticed Nergalle
 14163 | Lair:3   | Killed Nergalle
 14164 | Lair:3   | Reached XP level 14. HP: 83/84 MP: 22/22
 14195 | Lair:3   | Reached skill level 10 in Invocations
 14729 | Lair:4   | Identified the +10 scimitar of Kuahoz {freeze, rPois}
 14793 | Lair:4   | Noticed Josephine
 14799 | Lair:4   | Killed Josephine
 15224 | Lair:5   | Entered Level 5 of the Lair of Beasts
 15271 | Lair:5   | Found a runed translucent door.
 15290 | Lair:5   | Reached ***** piety under the Shining One
 15388 | Lair:5   | Found a shimmering altar of Xom.
 15388 | Lair:5   | Noticed howech's ghost (journeyman MiBe)
 15449 | Lair:5   | Reached skill level 15 in Fighting
 15527 | Lair:5   | Found a gate leading to a gauntlet.
 15535 | Gauntlet | Entered a Gauntlet
 15535 | Gauntlet | Found a transporter.
 15535 | Gauntlet | Found a transporter.
 15547 | Gauntlet | Found a transporter.
 15547 | Gauntlet | Found a transporter.
 15557 | Gauntlet | Found a transporter.
 15567 | Gauntlet | Found a transporter.
 15567 | Gauntlet | Found a transporter.
 15591 | Gauntlet | Found a transporter.
 15598 | Gauntlet | Found a transporter.
 15610 | Gauntlet | Found a transporter.
 15628 | Gauntlet | Found a transporter.
 15656 | Gauntlet | Found a transporter.
 15693 | Gauntlet | Found a transporter.
 15711 | Gauntlet | Found a transporter.
 15809 | Gauntlet | Found a transporter.
 15824 | Gauntlet | Found a transporter.
 16140 | Gauntlet | Identified the ring of Hint {MP+9 Str+2}
 16142 | Gauntlet | Identified the +0 ring mail of Iruily {Str+4}
 16189 | Gauntlet | Got the Spellbook of Tectonic Sparks
 16547 | Lair:5   | Reached XP level 15. HP: 43/91 MP: 22/25
 16772 | Lair:5   | Reached skill level 1 in Spellcasting
 17029 | Lair:5   | Found a staircase to the Slime Pits.
 17378 | Lair:5   | Reached skill level 5 in Spellcasting
 17404 | Lair:5   | Killed howech's ghost
 17459 | Lair:5   | Identified the +1 leather armour of Leaves {rF+ SInv}
 17460 | Lair:5   | Identified the +1 robe of the Turtledove {rF- Int+4 Dex+6}
 17587 | Orc:1    | Entered Level 1 of the Orcish Mines
 17628 | Orc:1    | Reached skill level 1 in Evocations
 17631 | Orc:1    | Noticed an orc warlord
 17659 | Orc:1    | Killed an orc warlord
 17746 | Orc:2    | Entered Level 2 of the Orcish Mines
 17819 | Orc:1    | Found Wehu Lue's General Store.
 17993 | Orc:2    | Paralysed by an orc sorcerer for 3 turns
 18039 | Orc:2    | Noticed Iniera's ghost (journeyman DsBr)
 18042 | Orc:2    | Found a runed translucent door.
 18101 | Orc:2    | Noticed an orc warlord
 18117 | Orc:2    | Killed an orc warlord
 18123 | Orc:2    | Reached skill level 5 in Evocations
 18150 | Orc:2    | Paralysed by an orc sorcerer for 4 turns
 18351 | Orc:2    | Found a staircase to the Elven Halls.
 18383 | Orc:2    | Found Vamem's Antique Armour Shoppe.
 18383 | Orc:2    | Found Plog's General Store.
 18383 | Orc:2    | Found Wagysch's Antique Weapon Shoppe.
 18383 | Orc:2    | Found Potikuch's Book Emporium.
 18463 | Orc:2    | Bought a scroll of blinking for 120 gold pieces
 18949 | Orc:2    | Bought a faintly humming plate armour for 840 gold pieces
 18949 | Orc:2    | Identified the +0 plate armour of Hubris {Will++} (You
                  | bought it in a shop on level 2 of the Orcish Mines)
 19058 | Orc:2    | Killed Iniera's ghost
 19339 | Spider:1 | Entered Level 1 of the Spider Nest
 19518 | Lair:2   | Reached XP level 16. HP: 93/98 MP: 26/26
 19521 | Lair:2   | Reached XP level 17. HP: 100/102 MP: 27/27
 19522 | Lair:2   | Reached skill level 9 in Shields
 19522 | Lair:2   | Reached XP level 18. HP: 106/107 MP: 28/28
 19523 | Lair:2   | Reached skill level 10 in Shields
 19523 | Lair:2   | Reached XP level 19. HP: 111/111 MP: 29/29
 19770 | D:13     | Noticed Frances
 19778 | D:13     | Killed Frances
 19886 | D:13     | Reached ****** piety under the Shining One
 19905 | D:13     | Reached skill level 11 in Shields
 19942 | D:13     | Found a portal to a secret trove of treasure.
 20102 | D:13     | Found a gate to the Vaults.
 20230 | D:14     | Found a shimmering altar of Xom.
 20309 | D:14     | Noticed Kirke
 20324 | D:14     | Killed Kirke
 20681 | D:14     | Found a shimmering altar of Xom.
 20681 | D:14     | Found a shimmering altar of Xom.
 20681 | D:14     | Found a shimmering altar of Xom.
 20681 | D:14     | Found a shimmering altar of Xom.
 20681 | D:14     | Found a shimmering altar of Xom.
 20681 | D:14     | Found a shimmering altar of Xom.
 20844 | D:14     | Found a runed translucent gate.
 20844 | D:14     | Found a runed translucent gate.
 20844 | D:14     | Found a runed translucent gate.
 20852 | D:14     | Noticed Ynonecli's ghost (journeyman NaHu)
 21094 | D:14     | Found a shimmering altar of Xom.
 21102 | D:14     | Found a shimmering altar of Xom.
 21279 | D:15     | Entered Level 15 of the Dungeon
 21580 | D:15     | Found a hazy altar of Hepliaklqana.
 21588 | D:15     | Reached skill level 12 in Shields
 21634 | D:15     | Reached skill level 10 in Armour
 21635 | D:15     | Found a staircase to the Depths.
 21991 | D:14     | Upgraded the game from 0.31-a0-354-g827e0957a7 to
                  | 0.31-a0-355-g57cb03d3e8
 22507 | Spider:1 | Reached skill level 1 in Dodging
 23079 | Spider:1 | Gained mutation: You are covered in fur. (AC +1) [potion of
                  | mutation]
 23079 | Spider:1 | Gained mutation: You are partially covered in iridescent
                  | scales. (AC +2) [potion of mutation]
 23079 | Spider:1 | Gained mutation: You are strong-willed. (Will+) [potion of
                  | mutation]
 23080 | Spider:1 | Lost mutation: You are covered in fur. (AC +1) [potion of
                  | mutation]
 23080 | Spider:1 | Lost mutation: You are strong-willed. (Will+) [potion of
                  | mutation]
 23080 | Spider:1 | Lost mutation: You are partially covered in iridescent
                  | scales. (AC +2) [potion of mutation]
 23080 | Spider:1 | Gained mutation: Your mind is acute. (Int +4, Str/Dex -1)
                  | [potion of mutation]
 23080 | Spider:1 | Gained mutation: You are partially covered in iridescent
                  | scales. (AC +2) [potion of mutation]
 23081 | Spider:1 | Lost mutation: Your mind is acute. (Int +4, Str/Dex -1)
                  | [potion of mutation]
 23081 | Spider:1 | Lost mutation: You are partially covered in iridescent
                  | scales. (AC +2) [potion of mutation]
 23081 | Spider:1 | Gained mutation: You are robust. (+10% HP) [potion of
                  | mutation]
 23081 | Spider:1 | Gained mutation: You have hidden genetic potential. [potion
                  | of mutation]
 23081 | Spider:1 | Gained mutation: You have a somewhat thin skeletal
                  | structure. (Dex +2, Stealth+) [potion of mutation]
 23438 | Spider:2 | Reached skill level 5 in Dodging
 24307 | Spider:3 | Reached XP level 20. HP: 127/127 MP: 30/30
 24825 | Spider:4 | Entered Level 4 of the Spider Nest
 26418 | Spider:4 | Reached skill level 10 in Dodging
 27080 | Spider:4 | Got a gossamer rune of Zot
 27416 | Depths:1 | Entered Level 1 of the Depths
 27418 | Depths:1 | Found a shadowy altar of Dithmenos.
 28030 | Depths:1 | Reached skill level 13 in Shields
 28092 | Depths:1 | Found a gateway to Hell.
 28157 | Depths:1 | You are sucked into a shaft and drop 1 floor!
 28164 | Depths:2 | Identified the amulet "Vammub" {Reflect Drain Regen+ Int+3
                  | SH+5}
 28168 | Depths:2 | Noticed a golden dragon
 28169 | Depths:2 | Identified the ring "Ossev" {MP+9 Dex+3}
 28178 | Depths:2 | Killed a golden dragon
 28184 | Depths:2 | Reached XP level 21. HP: 43/134 MP: 3/31
 28189 | Depths:2 | Found a runed translucent door.
 28189 | Depths:2 | Found a runed translucent door.
 28189 | Depths:2 | Found a runed translucent door.
 28189 | Depths:2 | HP: 6/134 [poisoned by a tengu reaver (bolt of poison)]
 28190 | Depths:2 | Found a one-way gateway to a ziggurat.
 28193 | Depths:2 | HP: 1/134 [hell knight/bolt of fire (9)]
 28691 | Depths:2 | Identified a +7 trishula of holy wrath (a +5 demon trident
                  | blessed by the Shining One)
 28691 | Depths:2 | Received a gift from the Shining One
 29086 | Depths:1 | Found the ring of the Tortoise {AC+8}
 29495 | Depths:2 | Identified the ring of Creativity {rC++ Str+4 Int+8 Dex-4
                  | SInv}
 29686 | Depths:2 | Reached skill level 14 in Shields
 29697 | Depths:2 | HP: 4/135 [brown very ugly thing (5)]
 29698 | Depths:2 | HP: 1/135 [fire dragon/blast of flame (3)]
 29827 | Depths:2 | Identified the amulet of Dopoec {-Tele rElec rC+ Regen+
                  | Dex+2}
 30176 | Depths:2 | Found a one-way gate leading to the halls of Pandemonium.
 31319 | Swamp:1  | Entered Level 1 of the Swamp
 31457 | Swamp:1  | Gained mutation: Your flesh is cold resistant. (rC+)
                  | [hidden potential]
 31717 | Swamp:1  | Identified the +6 whip of Laapavus {drain, rF+ Int+2 Dex-3}
 32651 | Swamp:3  | Found a runed translucent door.
 32672 | Swamp:3  | Noticed kairosrom117's ghost (adept DrFE)
 32938 | Swamp:3  | Reached XP level 22. HP: 141/141 MP: 32/32
 33318 | Swamp:3  | Reached skill level 15 in Shields
 33372 | Swamp:4  | Entered Level 4 of the Swamp
 34221 | Swamp:4  | Got a decaying rune of Zot
 34595 | Slime:1  | Entered Level 1 of the Pits of Slime
 34657 | Slime:1  | Gained mutation: Your mind is acute. (Int +4, Str/Dex -1)
                  | [a shining eye]
 34659 | Slime:1  | Gained mutation: You are occasionally teleported next to
                  | monsters. [a shining eye]
 34662 | Slime:1  | Lost mutation: You are robust. (+10% HP) [a shining eye]
 34690 | Lair:5   | Lost mutation: Your mind is acute. (Int +4, Str/Dex -1)
                  | [potion of mutation]
 34690 | Lair:5   | Lost mutation: You have a somewhat thin skeletal structure.
                  | (Dex +2, Stealth+) [potion of mutation]
 34690 | Lair:5   | Gained mutation: You are weak. (Str -2) [potion of
                  | mutation]
 34690 | Lair:5   | Gained mutation: You are robust. (+10% HP) [potion of
                  | mutation]
 34691 | Lair:5   | Lost mutation: You are robust. (+10% HP) [potion of
                  | mutation]
 34691 | Lair:5   | Lost mutation: You are occasionally teleported next to
                  | monsters. [potion of mutation]
 34691 | Lair:5   | Gained mutation: You are clumsy. (Dex -2) [potion of
                  | mutation]
 34691 | Lair:5   | Gained mutation: You are dopey. (Int -2) [potion of
                  | mutation]
 34691 | Lair:5   | Lost mutation: You are dopey. (Int -2) [potion of mutation]
 34728 | Slime:1  | Gained mutation: You are very clumsy. (Dex -4) [a shining
                  | eye]
 35025 | Slime:2  | Gained mutation: You have large cloven feet. [hidden
                  | potential]
 35025 | Slime:2  | Lost mutation: You have hidden genetic potential. [hidden
                  | potential expressed]
 35472 | Slime:5  | Entered Level 5 of the Pits of Slime
 36079 | Slime:4  | Reached skill level 16 in Shields
 36345 | Slime:5  | Noticed the Royal Jelly
 36848 | Slime:5  | Reached XP level 23. HP: 124/137 MP: 30/33
 37071 | Slime:5  | Killed the Royal Jelly
 37259 | Slime:5  | Lost mutation: You have large cloven feet. [a shining eye]
 37267 | Slime:5  | Gained mutation: Armour fits poorly on your strangely
                  | shaped body. [a shining eye]
 37276 | Slime:5  | Gained mutation: You are very weak. (Str -4) [a shining
                  | eye]
 37277 | Slime:5  | Gained mutation: Your body sometimes deteriorates upon
                  | taking damage. [a shining eye]
 37279 | Slime:5  | Gained mutation: You are vulnerable to heat. (rF-) [a
                  | shining eye]
 37280 | Slime:5  | Gained mutation: Your spells are a little easier to cast,
                  | but a little less powerful. [a shining eye]
 37390 | Slime:5  | Identified the staff "Zouw" {rPois rN+ Will+ Dex+2 Poison}
 37393 | Slime:5  | Identified the +0 flail of the Hummingbird {flame, rC+
                  | Int+3}
 37430 | Slime:5  | Identified the staff "Udwut" {*Corrode SInv Summ Fire
                  | Earth}
 37480 | Slime:5  | Identified the +10 scimitar of the Traitor {flame, Will+
                  | rCorr}
 37524 | Slime:5  | Identified the +10 shortbow of Dung {drain, Dex+3 SInv}
 37526 | Slime:5  | Identified the staff "Ryakh" {rElec Dex+4 Air}
 37548 | Slime:5  | Identified the amulet of Qism {RegenMP rElec Dex-3 Slay+4
                  | Stlth-}
 37550 | Slime:5  | Identified the staff "Zurph" {rPois rF+ rC+ rN+ Str-2
                  | Poison}
 37552 | Slime:5  | Identified the +7 plate armour of the Modern Ultimatums
                  | {Fly rF- rC+}
 37563 | Slime:5  | Got a slimy rune of Zot
 37581 | Slime:5  | Acquired the +1 cloak of Pandemonium {rCorr MP+9 Int-5
                  | Dex+6}
 37690 | Slime:5  | Lost mutation: Your body sometimes deteriorates upon taking
                  | damage. [potion of mutation]
 37690 | Slime:5  | Lost mutation: Your flesh is cold resistant. (rC+) [potion
                  | of mutation]
 37690 | Slime:5  | Lost mutation: You are very weak. (Str -4) [potion of
                  | mutation]
 38451 | Elf:1    | Entered Level 1 of the Elven Halls
 39214 | Elf:1    | Lost mutation: Your spells are a little easier to cast, but
                  | a little less powerful. [potion of mutation]
 39214 | Elf:1    | Lost mutation: Armour fits poorly on your strangely shaped
                  | body. [potion of mutation]
 39214 | Elf:1    | Gained mutation: You possess an exceptional clarity of
                  | mind. [potion of mutation]
 39214 | Elf:1    | Gained mutation: Your spells are a little harder to cast,
                  | but a little more powerful. [potion of mutation]
 39214 | Elf:1    | Gained mutation: You are robust. (+10% HP) [potion of
                  | mutation]
 39721 | Elf:2    | Reached skill level 17 in Shields
 39880 | Elf:2    | Found Ublodif's General Store.
 39882 | Elf:2    | Found Nud Xiym's Specific Store.
 39888 | Elf:2    | Bought a scroll of acquirement for 1092 gold pieces
 39888 | Elf:2    | Acquired a manual of Invocations
 39896 | Elf:2    | Bought a scroll of teleportation for 39 gold pieces
 39955 | Elf:2    | Noticed Saint Roka
 39971 | Elf:2    | Killed Saint Roka
 40303 | Elf:2    | Found Kaulu's Neck Hole.
 40505 | Elf:2    | Found a runed translucent gate.
 40506 | Elf:2    | Found a runed translucent gate.
 40506 | Elf:2    | Found a runed translucent gate.
 40685 | Elf:2    | Reached skill level 18 in Shields
 41478 | Elf:3    | Entered Level 3 of the Elven Halls
 41556 | Elf:3    | Noticed Mara
 41559 | Elf:3    | Noticed knightboat's illusion
 41586 | Elf:3    | Reached XP level 24. HP: 156/156 MP: 33/33
 41666 | Elf:3    | Noticed knightboat's illusion
 41691 | Elf:3    | Noticed knightboat's illusion
 41694 | Elf:3    | Killed Mara
 41699 | Elf:3    | Reached skill level 19 in Shields
 41944 | Elf:3    | Found Jok Femm's Jewellery Shoppe.
 41946 | Elf:3    | Found Locistro's Jewellery Emporium.
 41947 | Elf:3    | Found Num Fej's Armour Emporium.
 42037 | Abyss:2  | Cast into level 2 of the Abyss (a deep elf demonologist)
 42290 | Abyss:2  | Found a corrupted altar of Lugonu.
 42328 | Abyss:2  | Found a corrupted altar of Lugonu.
 42368 | Abyss:2  | Found a corrupted altar of Lugonu.
 42384 | Elf:3    | Escaped the Abyss
 42418 | Elf:3    | Reached skill level 20 in Shields
 42529 | Elf:3    | Identified the +2 robe of Lotsyol {rElec}
 42541 | Elf:3    | Identified the +3 mace of Punishment {venom, Int+2}
 42545 | Elf:3    | Identified the +5 plate armour of Untold Secrets {+Blink}
 42560 | Elf:3    | Identified the +4 ring mail of Objectivity {rElec rPois
                  | Will++}
 42755 | Elf:3    | Identified the staff "Doytonur" {Contam Conj Ice Poison}
 42770 | Elf:3    | Identified the staff "Foal" {rC+ rCorr Ice}
 42865 | Elf:3    | Identified the +0 pair of gloves of the Jabberwock {rElec
                  | SInv}
 42870 | Elf:3    | Identified the +4 scimitar of Causality {heavy, Dex+3}
 42873 | Elf:3    | Identified the +8 falchion "Head" {drain, rPois rCorr Str-5
                  | Int+5}
 42894 | Elf:3    | Identified the +11 falchion of Fedhas's Approval {flame,
                  | Dex+3}
 42894 | Elf:3    | Identified the ring "Metwees" {Fire Str+2 Int+5}
 43073 | Elf:3    | Found Byemetaq's Antique Weapon Emporium.
 43300 | Elf:3    | Bought the +0 plate armour of Insurance {*Corrode rElec rF+
                  | Will+} for 836 gold pieces
 43726 | Depths:3 | Found Raykegakh's Book Boutique.
 43748 | Depths:3 | Found Sausafem's Jewellery Shoppe.
 43776 | Depths:3 | Found Xeunloni's Distillery.
 43807 | Depths:3 | Found a one-way gate to the infinite horrors of the Abyss.
 43823 | Depths:3 | Found a flickering gateway to a bazaar.
 43830 | Bazaar   | Entered a bazaar
 43844 | Bazaar   | Found Nican's General Store.
 43845 | Bazaar   | Found Ecludi's Weapon Shoppe.
 43979 | Bazaar   | Found Valoi's General Store.
 43986 | Bazaar   | Found Ytuvvoh's Distillery.
 44112 | Bazaar   | Bought a scroll of blinking for 127 gold pieces
 44293 | Depths:3 | Found Hoepim's Antique Weapon Boutique.
 45051 | Depths:4 | Entered Level 4 of the Depths
 45176 | Depths:4 | Reached skill level 21 in Shields
 45481 | Depths:4 | Reached XP level 25. HP: 18/161 MP: 16/35
 45866 | Depths:4 | Reached skill level 15 in Invocations
 45892 | Depths:4 | Identified the +7 trident of Spring {pain, Str+4 Dex+4}
 45905 | Depths:4 | Found a flickering gateway to a bazaar.
 45914 | Bazaar   | Entered a bazaar
 45918 | Bazaar   | Found Leesefaw's Jewellery Boutique.
 45940 | Bazaar   | Found Miysiv's Antique Armour Emporium.
 45961 | Bazaar   | Found Xecsudoq's Book Boutique.
 45981 | Bazaar   | Found Jotoyky's Jewellery Shoppe.
 45987 | Bazaar   | Bought the ring "Riosiog" {rElec rPois Will+} for 316 gold
                  | pieces
 47058 | Depths:4 | Found a gate to the Realm of Zot.
 47149 | Zot:1    | Entered Level 1 of the Realm of Zot
 47267 | Zot:1    | Acquired the +12 tower shield "Cotih" {Rampage MP+9 Str-3}
 47366 | Zot:1    | Reached skill level 22 in Shields
 47668 | Zot:1    | Identified the +0 chain mail of the Boiling Point {rCorr
                  | Int+5 SInv}
 47800 | Zot:1    | Found a transporter.
 47814 | Zot:1    | Found a transporter.
 47825 | Zot:1    | Found a transporter.
 47834 | Zot:1    | Found a transporter.
 47880 | Zot:1    | Found the +4 dragonskin cloak
 47880 | Zot:1    | Noticed Tiamat
 48144 | Zot:1    | Killed Tiamat
 48802 | Zot:2    | Identified the +4 flail of Axuessas {heavy, Int+3}
 49026 | Vaults:1 | Entered Level 1 of the Vaults
 49347 | Vaults:1 | Found Poaf's Magic Scroll Boutique.
 49352 | Vaults:1 | Bought a scroll of fear for 48 gold pieces
 49352 | Vaults:1 | Bought a scroll of silence for 114 gold pieces
 49352 | Vaults:1 | Bought a scroll of revelation for 90 gold pieces
 49460 | Vaults:1 | Reached XP level 26. HP: 167/167 MP: 37/37
 49566 | Vaults:1 | Found Gozag's Assorted Antiques.
 49594 | Vaults:1 | Found an opulent altar of Gozag.
 49594 | Vaults:1 | Found Gozag's Assorted Antiques.
 49631 | Vaults:1 | Found Gozag's Antique Armour Shoppe.
 50366 | Vaults:2 | Reached skill level 23 in Shields
 50687 | Vaults:2 | Identified the +9 short sword of Misery {protect, rN+
                  | rCorr}
 50830 | Vaults:2 | Noticed Mennas
 50869 | Vaults:2 | Killed Mennas
 51184 | Vaults:2 | Found a large runed translucent door.
 51184 | Vaults:2 | Found a large runed translucent door.
 51185 | Vaults:2 | Noticed Woitib's ghost (adept GrFE)
 51425 | Vaults:2 | Killed Woitib's ghost
 51573 | Vaults:3 | Found a staircase to the Crypt.
 51641 | Vaults:3 | Found a flickering gateway to a bazaar.
 51650 | Bazaar   | Entered a bazaar
 51652 | Bazaar   | Found Faihoar's Magic Scroll Emporium.
 51660 | Bazaar   | Bought a scroll of teleportation for 39 gold pieces
 51660 | Bazaar   | Bought a scroll of teleportation for 39 gold pieces
 51660 | Bazaar   | Bought a scroll of teleportation for 39 gold pieces
 51660 | Bazaar   | Found Plog's Book Shop.
 51701 | Bazaar   | Found Hyeronyll's Antique Weapon Shoppe.
 51709 | Bazaar   | Found Kik Ock's Jewellery Boutique.
 52867 | Crypt:1  | Entered Level 1 of the Crypt
 52877 | Crypt:1  | Noticed Sojobo
 52893 | Crypt:1  | Killed Sojobo
 53159 | Crypt:1  | Reached skill level 24 in Shields
 53639 | Crypt:2  | Reached XP level 27. HP: 137/171 MP: 38/38
 54094 | Crypt:2  | Noticed Uroast's ghost (veteran MiGl)
 54196 | Crypt:2  | Found a transporter.
 54255 | Crypt:2  | Found a transporter.
 54555 | Crypt:2  | Killed Uroast's ghost
 54574 | Crypt:2  | Identified the +2 helmet "Taeh" {rC+ Str+5}
 54615 | Crypt:2  | Acquired 1133 gold pieces
 54675 | Crypt:3  | Entered Level 3 of the Crypt
 55064 | Crypt:3  | Identified the +8 falchion "Ysuacsewa" {heavy, *Corrode
                  | rPois rC+++ Int+2}
 55079 | Crypt:3  | Found a staircase to the Tomb.
 55240 | Crypt:3  | Found a basalt altar of Yredelemnul.
 55386 | Crypt:3  | Identified the amulet of Efusiryl {rElec rPois Regen+}
 55386 | Crypt:3  | Identified the ring "Keef" {rElec rPois rN+}
 55469 | Crypt:3  | Reached skill level 25 in Shields
 55557 | Crypt:3  | Found the +6 Majin-Bo {spellvamp, MP+6 Int+6}
 57857 | Zot:2    | Noticed an orb of fire
 57860 | Zot:2    | Lost mutation: You are robust. (+10% HP) [an orb of fire]
 57867 | Zot:2    | Gained mutation: You occasionally lose the ability to read
                  | scrolls when taking damage. [an orb of fire]
 57878 | Zot:2    | Killed an orb of fire
 58058 | Zot:2    | Killed from afar by a red draconian scorcher

Illustrated notes

Levels and vault maps discovered:
D:1:      minmay_arrival_four_circles, layout_basic
D:2:      layout_rooms
D:3:      layout_loops_corners, serial_park_tiny_pond
D:4:      layout_layer_cave, kennysheep_little_box, mainiacjoe_overflow_brackets
D:5:      layout_loops_cross, lemuel_crystal_altar, gammafunk_ghost_cemetery,
          serial_shops, nicolae_stop_n_shop_2, roderic_nine_men_s_morris,
          st_stairs_8, minmay_manual_moon, uniq_grinder
D:6:      layout_rooms, minmay_temple_entry_statues_pillars,
          minmay_curled_crystal
D:7:      layout_basic, minmay_overflow_temple_star_hex
D:8:      layout_loops_corners, uniq_maurice, uniq_psyche, uniq_pikel
D:9:      layout_rooms, lightli_church_of_beogh, uniq_grum
D:10:     layout_rooms, erik_lair_orcish_takeover, enter_bailey_8,
          kennysheep_nub
D:11:     layout_gridville, orc_0_dummy, serial_shops, shop,
          nicolae_shop_pleasant_corner_grove
D:12:     layout_loops_ring, onia_ninara_cookie
D:13:     layout_rooms, david_vaults_2, enter_trove_3, pond, uniq_frances
D:14:     layout_loops_cross, maelrawn_ghost_gauntlet_escape, serial_bayou,
          serial_bayou_lake_a, serial_bayou_pond_d, serial_bayou_lagoon_b,
          serial_bayou_lagoon_a, hangedman_abyss_or_decor_clamps,
          xom_shifter_show, uniq_kirke
D:15:     grunt_enter_depths_snipers, layout_basic, special_room
          [special_room_orc], nicolae_hepliaklqana_hazy_memory
Temple:   nicolae_temple_two_arcs
Lair:1:   layout_cave_shapes, serial_bayou_crossing, uniq_gastronok
Lair:2:   cheibrodos_lair_river_kwai, layout_cave_pods,
          spider_nest_entry_web_field, enter_volcano_3, serial_rivers,
          chequers_serial_rivers_room_b, chequers_serial_rivers_room_a,
          chequers_serial_rivers_small_b, chequers_serial_rivers_micro_c,
          chequers_serial_rivers_room_a, chequers_serial_rivers_small_a
Lair:3:   layout_misc_corridors, swamp_mist_pool, uniq_fannar, uniq_rupert,
          uniq_amaemon, uniq_nergalle
Lair:4:   layout_gridlike, guppyfry_lair_drakes, serial_bayou_shore_b,
          grunt_megastairs_4, uniq_josephine
Lair:5:   minmay_lair_end_frog_pond, layout_cave_pods, slime_entry_1,
          gauntlet_entry_generic, ebering_ghost_xom, ice2_lemuel
Swamp:1:  layout_basic_swamp, evilmike_swamp_ruin_house_5,
          infiniplex_staircase_pool
Swamp:2:  layout_falls_marsh, hangedman_swamp_blocks
Swamp:3:  nzn_winding_woodlands_medium [nzn_winding_woodlands_5x5_open_star,
          nzn_winding_woodlands_5x15_pockets, nzn_winding_woodlands_5x5_default,
          nzn_winding_woodlands_5x5_checkerboard,
          nzn_winding_woodlands_center_lodge,
          nzn_winding_woodlands_5x5_perimeter, nzn_winding_woodlands_5x5_cross,
          nzn_winding_woodlands_5x15_lazy_stream,
          nzn_winding_woodlands_5x5_closed_star], layout_basic_swamp,
          ebering_ghost_inner_flame, evilmike_swamp_ruin_rubble_1, swamp_pool2
Swamp:4:  swamp, layout_basic_swamp
Spider:1: layout_spider_delve
Spider:2: layout_spider_delve
Spider:3: layout_spider_delve
Spider:4: grunt_spider_rune_parallel, dreamdust_wasp_nest
Slime:1:  layout_caves
Slime:2:  layout_caves, cheibrodos_slime_lost_civilization_6
Slime:3:  layout_caves
Slime:4:  layout_caves
Slime:5:  slime_pit_nicolae_amoeboid
Orc:1:    layout_diamond_mine, serial_shops,
          nicolae_shop_temple_entry_statues_fountains
Orc:2:    st_orc_congregation, layout_caves, hellmonk_ghost_happy_afterlife
Elf:1:    eino_elf_arrival_shootout, layout_loops_corners, special_room
          [special_room_orc], kennysheep_underground_church
Elf:2:    nicolae_elf_blades_crystal_corner, layout_loops_corners,
          nicolae_specific_store, nicolae_shop_sticking_my_neck_out,
          uniq_saint_roka
Elf:3:    elf_hall_gauntlet_narrow, layout_geoelf_octagon, serial_shops, shop,
          shop, nicolae_shop_window_shopping, nicolae_shop_tiny_waterfront,
          hangedman_elf_disciples, uniq_mara
Vaults:1: nicolae_vaults_closet_pinwheel_5, v_misc_16, v_misc_11, serial_ice_b,
          vaults_dpeg_diagonal, hangedman_vaults_capsules,
          kennysheep_vaults_gozag_temple, v_alt_pattern_2, vaults_mumra_hex,
          nicolae_vaults_prndl, nicolae_vaults_surprise_closet,
          nicolae_vaults_two_Ls, nicolae_vaults_circle_grid_b,
          layout_vaults_omnibox, serial_shops, nicolae_shop_hallway_plus
Vaults:2: ebering_ghost_disaster_area, nicolae_vaults_spaceships,
          hangedman_vaults_pinch, nicolae_vaults_sesquioval_fish,
          hangedman_vaults_stitches, v_alt_pattern_6,
          nicolae_vaults_double_plus_1, nicolae_vaults_double_plus_3,
          nicolae_vaults_diamond_2, nicolae_vaults_house_1,
          ontoclasm_vaults_chip, nicolae_vaults_little_squares_5,
          nicolae_vaults_trapezoid_2, vaults_room_pools,
          layout_vaults_omnicross, uniq_mennas
Vaults:3: ontoclasm_vaults_ring_square, hangedman_vaults_unwind,
          ontoclasm_vaults_ring_square, vaults_room_corners,
          minmay_crypt_entry_simple_round, vaults_dpeg_hooks,
          layout_vaults_quadrants, serial_shops, bzr_firewalk
Vaults:4: vaults_room_door_hall, ontoclasm_vaults_decontamination,
          nicolae_vaults_heart-shaped_vault, v_pattern_5,
          nicolae_vaults_house_2, v_misc_3, ontoclasm_vaults_shout, v_rooms_4,
          nicolae_vaults_double_plus_3, nicolae_vaults_apartment_2, v_rooms_5,
          nicolae_vaults_little_squares_6, layout_vaults_ring
Crypt:1:  layout_regular_city, uniq_sojobo
Crypt:2:  hangedman_hall_of_fallen_heroes, layout_misc_corridors,
          gammafunk_ghost_mausoleum
Crypt:3:  church_of_pain_bobbens, layout_chaotic_city,
          nicolae_tomb_entry_grand_gallery
Depths:1: layout_twisted_cross, hell_entry, nicolae_dithmenos_shadow_blocks,
          minmay_guarded_unrand_tortoise
Depths:2: minmay_the_grid_triangle_9x9_recursive_3_mashed
          [minmay_the_grid_triangle_9x9_swiss_cheese,
          minmay_the_grid_triangle_9x9_dagger,
          minmay_the_grid_triangle_9x9_checkered,
          minmay_the_grid_triangle_9x9_prize_special,
          minmay_the_grid_triangle_9x9_wacky_v,
          minmay_the_grid_triangle_9x9_fully_insulated_deathbox,
          minmay_the_grid_triangle_9x9_empty,
          minmay_the_grid_triangle_9x9_zippers_vertical,
          minmay_the_grid_triangle_9x9_pentomino_pain], layout_gridlike,
          enter_ziggurat_f, grunt_pan_entry_spiral, grunt_hell_entry_dis_mu,
          minmay_misc_feat_nine_boxes
Depths:3: minmay_ornate_pinched, layout_gridlike, serial_shops, bzr_entry_dummy,
          nicolae_shop_window_shopping, nicolae_shop_pleasant_corner_grove,
          shop, shop_fountains, hangedman_abyss_entry_splay, hell_entry
Depths:4: lemuel_castle_with_subvaults [lemuel_castle_interior_carwin_3],
          layout_cave_pools, serial_shops, bzr_entry_gold, hell_entry,
          abyss_entry_crystal, st_stairs_10
Zot:1:    lemuel_draconian_sentries_small, layout_gridlike,
          nicolae_transporter_circle, uniq_tiamat
Zot:2:    layout_onion, grunt_ministairs_14, st_stairs_13,
          hangedman_elemental_grid_stream, uniq_josephina

Skill      XL: |  1  2  3  4  5  6  7  8  9 10 11 12 13 14 15 16 17 18 19 20 21 22 23 24 25 26 27 |
---------------+----------------------------------------------------------------------------------+-----
Maces & Flails | 2 3 4 |  4.7
Fighting       | 4 5 6 8 11 13 14 16 17 18 19 20 | 20.2
Polearms       | 3 5 7 9 12 14 | 14.0
Invocations    | 5 8 9 12 14 19 21 23 | 23.5
Shields        | 5 8 9 10 12 13 14 16 18 21 22 24 25 | 25.8
Armour         | 4 7 8 10 11 12 14 | 14.9
Spellcasting   | 5 |  5.0
Evocations     | 7 9 |  9.2
Dodging        | 6 10 | 10.8

Action                     |  1- 3 |  4- 6 |  7- 9 | 10-12 | 13-15 | 16-18 | 19-21 | 22-24 | 25-27 || total
---------------------------+-------+-------+-------+-------+-------+-------+-------+-------+-------++-------
  Melee: Flail             |    25 |       |       |       |       |       |       |       |       ||    25
         Bite              |    21 |    54 |    56 |   193 |   461 |     1 |   949 |   685 |  1022 ||  3442
         Short sword       |    67 |   116 |       |       |       |       |       |       |       ||   183
         Trident           |       |    76 |   237 |   490 |  1059 |     3 |  1387 |       |       ||  3252
         Trishula          |       |       |       |       |       |       |   513 |  1643 |  2126 ||  4282
  Throw: Dart              |       |       |       |       |       |       |       |       |     3 ||     3
         Javelin           |       |       |       |       |       |       |       |       |     2 ||     2
 Invoke: Divine Shield     |       |       |       |     1 |       |       |       |     1 |     1 ||     3
         Summon Divine War |       |       |       |       |     6 |       |     2 |     7 |     5 ||    20
         Cleansing Flame   |       |       |       |       |     6 |       |    16 |     5 |     8 ||    35
         Brand Weapon With |       |       |       |       |       |       |     1 |       |       ||     1
  Evoke: Wand              |       |       |       |     8 |     3 |       |     2 |    10 |     7 ||    30
         Lightning rod     |       |       |       |       |       |       |       |     8 |     3 ||    11
         Tin of tremorston |       |       |       |       |       |       |       |     4 |     2 ||     6
         Phantom mirror    |       |       |       |       |       |       |       |     1 |       ||     1
    Use: Potion            |       |       |     1 |       |     4 |     3 |     8 |     5 |     2 ||    23
         Scroll            |       |       |       |    23 |    15 |       |    16 |    13 |     8 ||    75
 Armour: Scale mail        |    47 |    62 |    70 |    31 |       |       |       |       |       ||   210
         Acid dragon scale |       |       |       |    74 |    15 |       |       |       |       ||    89
         Chain mail        |       |       |       |       |   209 |       |    80 |   117 |       ||   406
         Leather armour    |       |       |       |       |     1 |       |       |       |       ||     1
         Plate armour      |       |       |       |       |    29 |     1 |   381 |    70 |    25 ||   506
         Swamp dragon scal |       |       |       |       |       |       |       |   148 |       ||   148
         Gold dragon scale |       |       |       |       |       |       |       |       |   292 ||   292
  Dodge: Dodged            |    33 |    57 |    77 |   141 |   143 |       |   331 |   311 |   201 ||  1294
  Block: Buckler           |    21 |     2 |       |       |       |       |       |       |       ||    23
         Kite shield       |       |    45 |   105 |   187 |   440 |       |       |       |       ||   777
         Reflection        |       |       |       |       |    10 |       |    41 |    15 |       ||    66
         Tower shield      |       |       |       |       |    62 |     2 |  1439 |   903 |  1582 ||  3988

Table legend: (Time is in decaauts)
 A = Elapsed time spent in this place.
 B = Non-inter-level travel time spent in this place.
 C = Inter-level travel time spent in this place.
 D = Time resting spent in this place.
 E = Time spent auto-exploring this place.
 F = Levels seen in this place.
 G = Mean time per level.
                   A        B        C        D        E       F      G
               +--------+--------+--------+--------+--------+-----+--------+
         Total |  56088 |  50536 |   5552 |   5281 |  25515 |  59 |  950.6 |
       Dungeon |  14703 |  12662 |   2041 |    867 |   9034 |  15 |  980.2 |
        Temple |     33 |      3 |     30 |      0 |      0 |   1 |   33.0 |
          Lair |   5358 |   4738 |    620 |    249 |   3040 |   5 | 1071.6 |
         Swamp |   3111 |   2636 |    475 |    481 |   1293 |   4 |  777.8 |
   Spider Nest |   4947 |   4751 |    196 |   1104 |   1091 |   4 | 1236.8 |
    Slime Pits |   3399 |   3194 |    205 |    465 |    780 |   5 |  679.8 |
  Orcish Mines |   1831 |   1530 |    301 |    173 |    748 |   2 |  915.5 |
   Elven Halls |   4381 |   4098 |    283 |    676 |   1719 |   3 | 1460.3 |
        Vaults |   4698 |   4234 |    464 |      0 |   3119 |   4 | 1174.5 |
         Crypt |   2760 |   2472 |    288 |      0 |   1505 |   3 |  920.0 |
        Depths |   6409 |   5860 |    549 |    847 |   1765 |   4 | 1602.2 |
           Zot |   2151 |   2052 |     99 |    350 |    433 |   2 | 1075.5 |
         Abyss |    312 |    312 |      0 |     16 |    120 |   1 |  312.0 |
        Bazaar |    565 |    565 |      0 |      0 |    380 |   3 |  188.3 |
        Bailey |    333 |    333 |      0 |     23 |     35 |   1 |  333.0 |
       Volcano |    262 |    262 |      0 |     23 |     38 |   1 |  262.0 |
      Gauntlet |    828 |    828 |      0 |      4 |    415 |   1 |  828.0 |
               +--------+--------+--------+--------+--------+-----+--------+

Top non-repeatable levels by time:
Depths:2: 2124 daAuts
Depths:4: 1803 daAuts
    D:12: 1715 daAuts
   Elf:2: 1714 daAuts
   Zot:1: 1637 daAuts
 Slime:5: 1606 daAuts
Spider:3: 1509 daAuts
Spider:4: 1470 daAuts
 Swamp:3: 1406 daAuts
   Orc:2: 1398 daAuts
   Elf:3: 1379 daAuts
  Lair:5: 1359 daAuts
     D:4: 1350 daAuts
    D:14: 1347 daAuts
Depths:3: 1297 daAuts
